 Dungeon Crawl Stone Soup version 0.29.1 (webtiles) character file.

Game seed: 13542697773270752128

20027 groovy9 the Marksminotaur (level 12, -5/95 HPs)
             Began as a Minotaur Hunter on Sept 15, 2022.
             Was a Believer of Hepliaklqana.
             Killed from afar by an ice dragon (19 damage)
             ... with a blast of cold
             ... in an ice cave.
             The game lasted 00:41:47 (15120 turns).

groovy9 the Marksminotaur (Minotaur Hunter)        Turns: 15120, Time: 00:41:48

Health: -5/95      AC: 11    Str: 21    XL:     12   Next: 41%
Magic:  14/14      EV: 16    Int:  6    God:    Hepliaklqana [**....]
Gold:   436        SH:  5    Dex: 17    Spells: 9/11 levels left

rFire   + . .      SeeInvis .   a - +1 shortbow
rCold   + . .      Faith    .   (shield currently unavailable)
rNeg    + . .      Spirit   .   n - +0 acid dragon scales
rPois   .          Reflect  +   (helmet restricted)
rElec   .          Harm     .   I - scarf {rC+ rF+}
rCorr   +          Rampage  .   w - +0 pair of gloves {Str+3}
Will    .....                   (no boots)
Stlth   +.........              M - amulet of reflection
HPRegen 0.25/turn               k - ring of positive energy
MPRegen 0.14/turn               c - +4 ring of protection

@: frozen, studying Ice Magic, very slow
A: reduced essence, horns 2, retaliatory headbutt
a: Renounce Religion, Recall Ancestor, Ancestor Identity


You were in an ice cave.
You worshipped Hepliaklqana.
Hepliaklqana was pleased with you.
You visited 2 branches of the dungeon, and saw 12 of its levels.
You also visited: Sewer and Ice Cave.

You collected 826 gold pieces.
You spent 390 gold pieces at shops.

Inventory:

Hand Weapons
 a - a +1 shortbow (weapon)
Missiles
 r - 4 throwing nets
Armour
 n - +0 acid dragon scales (worn)
 p - a +1 leather armour of cold resistance
 w - a +0 pair of gloves of strength (worn)
 I - a scarf of resistance (worn)
Jewellery
 c - a +4 ring of protection (right hand)
 k - a ring of positive energy (left hand)
 v - a ring of protection from cold
 H - a ring of resist corrosion
 M - an amulet of reflection (around neck)
Wands
 i - a wand of iceblast (5)
 m - a wand of quicksilver (25)
 y - a wand of mindburst (17)
 A - a wand of paralysis (14)
Scrolls
 b - 2 scrolls of immolation
 f - a scroll of teleportation
 o - 3 scrolls of fog
 q - 2 scrolls of amnesia
 B - a scroll of enchant weapon
 D - 5 scrolls of noise
 F - a scroll of silence
 J - a scroll of fear
 L - a scroll of enchant armour {unknown}
Potions
 d - 10 potions of heal wounds
 e - 8 potions of curing
 g - a potion of ambrosia
 h - a potion of brilliance
 l - a potion of lignification {unknown}
 s - 2 potions of flight
 t - 2 potions of attraction
 u - 2 potions of degeneration {unknown}
 x - a potion of cancellation {unknown}
 z - 2 potions of mutation {unknown}
 C - a potion of invisibility {unknown}
 G - a potion of haste {unknown}
 K - a potion of berserk rage {unknown}
Miscellaneous
 E - a phial of floods


   Skills:
 + Level 10.2 Fighting
 + Level 15.6 Ranged Weapons
 + Level 9.3 Dodging
 - Level 0.7 Stealth
 + Level 5.6 Translocations
 + Level 5.1 Invocations


You had 9 spell levels left.
You knew the following spells:

 Your Spells              Type           Power      Damage    Failure   Level
a - Blink                 Tloc           12%        N/A       10%         2

Your spell library contained the following spells:

 Spells                   Type           Power      Damage    Failure   Level
 Lesser Beckoning         Tloc           6%         N/A       19%         3
 Magic Dart               Conj           0%         1d3       54%         1
 Call Imp                 Summ           0%         N/A       67%         2
 Manifold Assault         Tloc           6%         N/A       87%         5
 Confusing Touch          Hex            0%         N/A       88%         3
 Mephitic Cloud           Conj/Pois/Air  0%         N/A       88%         3
 Animate Armour           Summ/Erth      0%         N/A       99%         4
 Blade Hands              Tmut           0%         N/A       100%        5
 Yara's Violent Unravell  Hex/Tmut       0%         3d3       100%        5
 Iron Shot                Conj/Erth      0%         9d1       100%        6
 Enfeeble                 Hex            0%         N/A       100%        7


Dungeon Overview and Level Annotations

Branches:
Dungeon (11/15)            Temple (1/1) D:6            Lair (0/5) D:9
  Sewer (visited)           IceCv (1/1)
    Orc: D:9-12

Altars:
Ashenzari
Cheibriados
Dithmenos
Elyvilon
Fedhas
Gozag
Hepliaklqana
Kikubaaqudgha
Makhleb
Nemelex Xobeh
Okawaru
Qazlal
Ru
Sif Muna
Trog
Uskayaw
Vehumet
Wu Jian
Xom
Yredelemnul
Zin
The Shining One

Shops:
D:10 =


Innate Abilities, Weirdness & Mutations

Your life essence is reduced to manifest your ancestor. (-10% HP)
You have a pair of horns on your head.
You reflexively headbutt those who attack you in melee.


Message History

You shoot an arrow. Octavius avoids your attack.
The arrow hits the ice dragon.
The ice dragon is heavily wounded.
Octavius hits the ice dragon with a +0 flail!
The rime drake is engulfed in freezing vapours.
Octavius blocks the rime drake's attack.
Fire: a) +1 shortbow
Press: ? - help, Q - select action, (/) - cycle Shift-Dir - straight line, f/p - ice dragon
Aim: an ice dragon (severely wounded, 77% to hit)
You shoot an arrow. Octavius avoids your attack.
The arrow hits the ice dragon.
The ice dragon is severely wounded.
The ice dragon bites Octavius.
The ice dragon misses Octavius.
Octavius blocks the ice dragon's attack.
The rime drake is engulfed in freezing vapours.
The rime drake bites Octavius.
Octavius hits the rime drake with a +0 flail!
Fire: a) +1 shortbow
Press: ? - help, Q - select action, (/) - cycle Shift-Dir - straight line, f/p - ice dragon
Aim: an ice dragon (severely wounded, 77% to hit)
You shoot an arrow. Octavius avoids your attack.
The arrow hits the ice dragon but does no damage.
The ice dragon is severely wounded.
The ice dragon breathes frost at you.
The blast of cold hits Octavius!
Octavius resists.
Octavius is destroyed!
The blast of cold hits you!! You resist.
The rime drake is engulfed in freezing vapours.
The rime drake breathes ice at you. The flash freeze hits you!
You partially resist.
* * * LOW HITPOINT WARNING * * *
You are encased in ice.
Fire: a) +1 shortbow
Press: ? - help, Q - select action, (/) - cycle Shift-Dir - straight line, f/p - ice dragon
Aim: an ice dragon (severely wounded, 77% to hit)
You shoot an arrow.
The arrow hits the ice dragon but does no damage.
The ice dragon is severely wounded.
The ice dragon breathes frost at you. The blast of cold hits you!! You resist.
You die... #..## ... ##.# .. #.## ##.. ##.## #.k #.#.# #kD

#..##
#.## #.##
#..##
#..#
#@..#
##.##
#..#####
#..#
##.#...##
##.#
#...#..#
#.#.
#..##.##
##.#
##.#..#
##..#
###.###
#..##
#...##
##..#
###..##
##.#


You could see an ice dragon (catching breath) and 2 rime drakes.

Vanquished Creatures
  A boulder beetle (D:8)
  2 two-headed ogres
  Sonja (D:10)
  Pikel (D:6)
  An ugly thing (D:7)
  A manticore (D:11)
  An ice statue (IceCv)
  Maggie (D:8)
  A rime drake (IceCv)
  A hornet (D:9)
  A troll (D:8)
  2 slime creatures (D:11)
  A wyvern (D:8)
  A wraith (D:10)
  4 steam dragons
  2 acid dragons
  A water moccasin (D:8)
  A sky beast (D:5)
  5 ice beasts
  2 black bears (D:6)
  2 ogres
  7 centaurs
  A lemure (D:6)
  2 bullfrogs
  A scorpion (D:7)
  A necrophage (D:5)
  2 gnoll sergeants (D:8)
  A wight (D:8)
  2 lindwurm simulacra (IceCv)
  15 killer bees
  6 howler monkeys
  2 komodo dragon simulacra (IceCv)
  6 hounds
  A jelly (D:6)
  4 gnoll boudas
  2 orc priests
  5 iguanas
  9 orc wizards
  16 gnolls
  14 adders
  4 acid dragon simulacra (IceCv)
  A shadow imp (D:7)
  2 white imps
  3 steam dragon simulacra (IceCv)
  2 ufetubi (D:6)
  4 worms
  5 dart slugs
  34 orcs
  6 endoplasms (D:1)
  5 giant cockroaches
  8 goblins
  8 hobgoblins
  5 jackals
  2 quokkas
  13 ball pythons
  5 bats
  10 frilled lizards
  13 kobolds
  8 rats
268 creatures vanquished.

Vanquished Creatures (collateral kills)
  An ice statue (IceCv)
  A troll (D:10)
  A hornet (D:11)
  A slime creature (D:11)
  A shadow (D:11)
  2 orc warriors (D:9)
  2 kobold brigands
  A bullfrog (D:8)
  A gnoll sergeant (D:8)
  2 killer bees
  A lindwurm simulacrum (IceCv)
  A howler monkey (D:8)
  2 komodo dragon simulacra (IceCv)
  A gnoll bouda (D:8)
  4 orc wizards
  3 acid dragon simulacra (IceCv)
  3 steam dragon simulacra (IceCv)
  7 orcs
35 creatures vanquished.

Vanquished Creatures (others)
  A rime drake (IceCv)
  4 knights
  13 ancestors
18 creatures vanquished.

Grand Total: 321 creatures vanquished

Notes
Turn   | Place    | Note
-------+----------+-------------------------------------------
     0 | D:1      | groovy9 the Minotaur Hunter began the quest for the Orb.
     0 | D:1      | Reached XP level 1. HP: 18/18 MP: 0/0
    64 | D:1      | Reached XP level 2. HP: 25/25 MP: 1/1
   206 | D:1      | Reached skill level 5 in Ranged Weapons
   217 | D:1      | Reached XP level 3. HP: 31/31 MP: 2/2
   670 | D:1      | Found a faded altar of an unknown god.
   833 | D:1      | Found a burning altar of Makhleb.
   987 | D:2      | Found an ornate altar of the Wu Jian Council.
  1072 | D:2      | Reached XP level 4. HP: 38/38 MP: 3/3
  2187 | D:3      | Reached XP level 5. HP: 30/46 MP: 4/4
  2191 | D:3      | Reached skill level 6 in Ranged Weapons
  2799 | D:4      | Noticed an ogre
  2807 | D:3      | Killed an ogre
  2808 | D:3      | Reached XP level 6. HP: 50/53 MP: 5/5
  3245 | D:4      | Learned a level 2 spell: Blink
  3384 | D:5      | Entered Level 5 of the Dungeon
  3384 | D:5      | Noticed an ice beast
  3398 | D:4      | Killed an ice beast
  3399 | D:4      | Reached skill level 7 in Ranged Weapons
  3539 | D:5      | Reached XP level 7. HP: 60/60 MP: 6/6
  3656 | D:5      | Reached skill level 5 in Fighting
  3730 | D:5      | Reached skill level 1 in Translocations
  3763 | D:5      | Found a glowing drain.
  3772 | Sewer    | Entered a sewer
  4487 | D:5      | Reached skill level 5 in Dodging
  4636 | D:5      | Reached skill level 8 in Ranged Weapons
  4983 | D:6      | Reached XP level 8. HP: 46/70 MP: 7/7
  5660 | D:6      | Reached skill level 9 in Ranged Weapons
  5737 | D:6      | Found a staircase to the Ecumenical Temple.
  5747 | Temple   | Entered the Ecumenical Temple
  5769 | Temple   | Became a worshipper of Hepliaklqana the Forgotten
  6308 | D:7      | Found a shimmering blue altar of Sif Muna.
  6824 | D:7      | Noticed Pikel
  7027 | D:6      | Killed Pikel
  7028 | D:6      | Reached skill level 10 in Ranged Weapons
  7028 | D:6      | Reached XP level 9. HP: 27/79 MP: 8/8
  7773 | D:8      | Noticed a two-headed ogre
  8136 | D:8      | Reached * piety under Hepliaklqana
  8223 | D:8      | Reached skill level 1 in Invocations
  8227 | D:8      | Noticed Maggie
  8242 | D:8      | Killed Maggie
  8243 | D:8      | Reached skill level 11 in Ranged Weapons
  8268 | D:8      | Noticed a troll
  8343 | D:8      | Noticed a green ugly thing
  8344 | D:8      | Reached XP level 10. HP: 47/79 MP: 10/10
  8364 | D:7      | Killed a green ugly thing
  8706 | D:8      | Killed a two-headed ogre
  8918 | D:8      | Found an opulent altar of Gozag.
  8989 | D:8      | Noticed a boulder beetle
 10485 | D:9      | Paralysed by a hornet for 2 turns
 10496 | D:9      | Reached skill level 12 in Ranged Weapons
 10830 | D:9      | Found a staircase to the Lair.
 11417 | D:9      | Reached ** piety under Hepliaklqana
 11418 | D:9      | Remembered your ancestor Octavius as a knight
 12159 | D:9      | Reached skill level 15 in Ranged Weapons
 12159 | D:9      | Reached XP level 11. HP: 87/87 MP: 12/12
 12165 | D:10     | Entered Level 10 of the Dungeon
 12257 | D:10     | Reached skill level 5 in Translocations
 12340 | D:10     | Reached XP level 12. HP: 89/94 MP: 14/14
 12449 | D:10     | Identified the +3 sling "Emerrykhe" {freeze, Str+5 Dex-2}
 12489 | D:10     | Found Ifirphisy's Jewellery Shoppe.
 12494 | D:10     | Bought an amulet of reflection for 390 gold pieces
 12696 | D:10     | Noticed Sonja
 12709 | D:10     | Killed Sonja
 12920 | D:8      | Killed a boulder beetle
 13243 | D:11     | Noticed a two-headed ogre
 13252 | D:11     | Killed a two-headed ogre
 13253 | D:11     | Reached skill level 10 in Fighting
 13309 | D:11     | Noticed a boulder beetle
 13341 | D:11     | Found a frozen archway.
 13351 | IceCv    | Entered an ice cave
 13514 | IceCv    | Reached skill level 5 in Invocations
 15102 | IceCv    | Noticed an ice dragon
 15120 | IceCv    | Killed from afar by an ice dragon

Illustrated notes

Levels and vault maps discovered:
D:1:      dpeg_arrival_lava_altar, layout_basic,
          shapermc_ecumenical_altar_pompeii
D:2:      layout_rooms, basic_altar
D:3:      layout_basic, corner_web_ring
D:4:      layout_rooms
D:5:      cheibrodos_iron_armory, layout_basic, cheibrodos_sewer_entry_drain,
          kennysheep_generic_room_11
D:6:      layout_basic, minmay_temple_entry_enclosed_plants
D:7:      layout_basic, nicolae_sif_muna_condensation, uniq_pikel
D:8:      cheibrodos_ideogram_h, layout_basic, amcnicky_altar_gilded,
          nicolae_concentric_dashed_squares_wild, uniq_maggie
D:9:      layout_cave_pods, lair_entry_dummy, minmay_misc_feat_five,
          minmay_misc_feat_chi
D:10:     layout_basic, serial_shops, nicolae_shop_statue_plus,
          solitary_fountain, uniq_sonja
D:11:     layout_irregular_city, portal_ice_cave_entry_pillars_1,
          mrwooster_statue_mirror
Temple:   nicolae_temple_bog_church
IceCv:    ice_cave_small_dragons

Skill      XL: |  1  2  3  4  5  6  7  8  9 10 11 12 |
---------------+-------------------------------------+-----
Fighting       | 3 4 5 7 8 9 10 | 10.2
Ranged Weapons | 5 6 7 8 10 11 15 | 15.6
Dodging        | 3 4 5 6 7 8 9 |  9.3
Translocations | 1 3 4 5 |  5.6
Invocations    | 1 3 4 5 |  5.1
Stealth        | |  0.7

Action                   |  1- 3 |  4- 6 |  7- 9 | 10-12 || total
-------------------------+-------+-------+-------+-------++-------
 Fire: Shortbow          |   102 |   151 |   529 |   664 ||  1446
 Cast: Blink             |       |       |       |     1 ||     1
Invok: Recall Ancestor   |       |       |       |     4 ||     4
       Ancestor Life: Kn |       |       |       |     1 ||     1
  Use: Scroll            |       |     5 |     9 |     8 ||    22
       Potion            |       |       |     1 |     5 ||     6
Armor: Leather armour    |     3 |    20 |   109 |    44 ||   176
       Acid dragon scale |       |       |       |    60 ||    60
Dodge: Dodged            |    10 |    46 |   166 |   240 ||   462
Block: Other             |       |       |       |    38 ||    38
       Reflection        |       |       |       |     2 ||     2
